 Dungeon Crawl Stone Soup version 0.31.0-11-ge490571c62 (webtiles) character file.

Game seed: 10275406852637433158

39 qw the Shooter (level 3, -3/20 HPs)
             Began as a Deep Elf Hunter on Feb 4, 2024.
             Slain by a gnoll
             ... wielding a +0 flail
              (9 damage)
             ... on level 2 of the Dungeon.
             The game lasted 00:00:02 (469 turns).

qw the Shooter (Deep Elf Hunter)                     Turns: 469, Time: 00:00:03

Health: -3/20      AC:  3    Str: 14    XL:     3   Next: 26%
Magic:  5/5        EV: 12    Int: 13    God:
Gold:   66         SH:  0    Dex: 20    Spells: 2/2 levels left

rFire   . . .        a - +0 shortbow
rCold   . . .        (shield currently unavailable)
rNeg    . . .        c - +0 leather armour
rPois   .            (no helmet)
rElec   .            (no cloak)
rCorr   .            (no gloves)
SInv    .            (no boots)
Will    .....        (no amulet)
Stlth   ++           i - +6 ring of strength
HPRegen 0.23/turn    (no ring)
MPRegen 0.09/turn

%: no passive effects
@: lethally poisoned (-3 -> -5)
A: no striking features
a: no special abilities


You were on level 2 of the Dungeon.
You visited 1 branch of the dungeon, and saw 2 of its levels.

You collected 66 gold pieces.


   Skills:
 - Level 1.5 Fighting
 + Level 6.8 Ranged Weapons
 - Level 2.4 Dodging
 - Level 1.2 Stealth


You had 2 spell levels left.
You didn't know any spells.
Your spell library was empty.

Inventory:

Hand Weapons
 a - a +0 shortbow (weapon)
Armour
 c - a +0 leather armour (worn)
Jewellery
 i - a +6 ring of strength (left hand)
Potions
 b - a potion of invisibility {unknown}
 d - a potion of brilliance {unknown}
 g - a potion of haste {unknown}

Dungeon Overview and Level Annotations

Branches:
Dungeon (2/15)

Altars:


Message History

You shoot an arrow. The arrow hits the jackal!
You kill the jackal!
You shoot an arrow. The arrow hits the jackal.
The jackal is severely wounded.
The jackal closely misses you.
The jackal bites you but does no damage.
You shoot an arrow. The arrow closely misses the jackal.
A gnoll comes into view. It is wielding a +0 spear.
The jackal bites you.
You shoot an arrow. The arrow hits the jackal!
You kill the jackal!
You shoot an arrow. The arrow hits the gnoll!
The gnoll is almost dead.
You shoot an arrow. The arrow barely misses the gnoll.
The gnoll hits you with a +0 club.
The gnoll hits you from afar with a +0 spear.
You shoot an arrow. The arrow hits the gnoll.
You kill the gnoll!
A gnoll comes into view. It is wielding a +0 flail.
The gnoll barely misses you. The adder misses you.
You have reached level 3!
Your experience leads to an increase in your attributes!
Your base attributes are Str 8, Int 13, Dex 18.
Increase (S)trength, (I)ntelligence, or (D)exterity?
You feel agile. x2
You shoot an arrow. The arrow hits the adder!
The adder is almost dead.
The gnoll closely misses you. The adder bites you.
You are poisoned.
The adder poisons you!
You shoot an arrow. The arrow hits the adder!
You kill the adder!
You feel sick. The gnoll closely misses you.
You shoot an arrow. The arrow hits the rat!
You kill the rat!
You feel sick. The gnoll barely misses you.
You shoot an arrow.
The arrow hits the gnoll but does no damage.
You feel sick. The gnoll hits you with a +0 flail!
You die...

+......#.#
#......#.#####
##...........!###.
#.................
#..............# ..
#............#
#..####......g....##
...........##gg...#
#..##......@#####.g..
##..........####
.8...
.|...............
.....
...#.......####.
..8.8 ##%.###.# ..r.
#<..# #... ....
##..........
......#####
#.####....


You could see 3 gnolls.

Vanquished Creatures
  An adder (D:2)
  A gnoll (D:2)
  A dart slug (D:1)
  2 bats (D:1)
  2 goblins (D:1)
  6 jackals (D:2)
  A kobold (D:1)
  A frilled lizard (D:2)
  A rat (D:2)
16 creatures vanquished.

Notes
Turn   | Place    | Note
-------+----------+-------------------------------------------
     0 | D:1      | qw the Deep Elf Hunter began the quest for the Orb.
     0 | D:1      | Reached XP level 1. HP: 12/12 MP: 3/3
     0 | D:1      | 0 ||| qw: Version: 0.3-a-160-g6735b56
     0 | D:1      | 0 ||| qw: Game counter: 5711
     0 | D:1      | 0 ||| qw: Melee chars always use a shield: true
     0 | D:1      | 0 ||| qw: God list: Okawaru
     0 | D:1      | 0 ||| qw: Allow faded altars: false
     0 | D:1      | 0 ||| qw: Do Orc after clearing Dungeon:15 true
     0 | D:1      | 0 ||| qw: Do second Lair branch before Depths: true
     0 | D:1      | 0 ||| qw: Lair rune preference: random
     0 | D:1      | 0 ||| qw: Goals: Normal
     0 | D:1      | 0 ||| PLANNING D:1-11
   139 | D:1      | Reached XP level 2. HP: 16/16 MP: 4/4
   141 | D:1      | Reached skill level 6 in Ranged Weapons
   366 | D:1      | 366 ||| UPGRADING to +6 ring of strength.
   367 | D:1      | 367 ||| READING scroll labelled IPPOLU OFACIH.
   368 | D:1      | 368 ||| READING scroll labelled IKHLUE TIKA.
   371 | D:1      | 371 ||| READING scroll labelled ILOATESHROK.
   372 | D:1      | 372 ||| READING scroll labelled TIMIPPEASM.
   373 | D:1      | 373 ||| DROPPING scroll of butterflies.
   405 | D:2      | 405 ||| FLEEEEING.
   406 | D:2      | 406 ||| STAIRDANCE
   453 | D:2      | 453 ||| RETREEEEATING.
   454 | D:2      | 454 ||| RETREEEEATING.
   455 | D:2      | 455 ||| RETREEEEATING.
   456 | D:2      | 456 ||| RETREEEEATING.
   457 | D:2      | 457 ||| RETREEEEATING.
   466 | D:2      | Reached XP level 3. HP: 11/20 MP: 5/5
   469 | D:2      | Slain by a gnoll

Levels and vault maps discovered:
D:1:      lemuel_arrival_rhombus, layout_rooms
D:2:      layout_basic, basic_altar, grunt_ministairs_10, corexii_corridor_pit

Skill      XL: |  1  2 |
---------------+-------+-----
Ranged Weapons | 6 |  6.8
Fighting       | |  1.5
Dodging        | |  2.4
Stealth        | |  1.2

Action                     || total
---------------------------++-------
   Fire: Shortbow          ||    48
    Use: Scroll            ||     4
 Armour: Leather armour    ||    18
  Dodge: Dodged            ||    25

Table legend:
 A = Non-vault XP
 B = Vault XP
 C = Vault XP percentage of total XP
 D = Non-vault monster count
 E = Vault monster count
 F = Vault count percentage of total count
                 A         B        C        D         E       F
            +---------+---------+-------+---------+---------+-------
      Total |      49 |       7 |  12.5 |      12 |       4 |  25.0
            +---------+---------+-------+---------+---------+-------
        D:1 |      14 |       0 |   0.0 |       6 |       0 |   0.0
        D:2 |      35 |       7 |  16.7 |       6 |       4 |  40.0
            +---------+---------+-------+---------+---------+-------
